 Dungeon Crawl Stone Soup version 0.22-a0-38-gc6ec8ce517 (webtiles) character file.

283 Kaname the Conjurer (level 6, -4/41 HPs)
             Began as a Demonspawn Wizard on Jan 4, 2018.
             Was an Initiate of Vehumet.
             Slain by Grinder (7 damage)
             ... on level 3 of the Dungeon.
             The game lasted 00:15:04 (4572 turns).

Kaname the Conjurer (Demonspawn Wizard)             Turns: 4572, Time: 00:15:05

Health: -4/41      AC:  3    Str:  7    XL:     6   Next: 7%
Magic:  0/10       EV: 12    Int: 21    God:    Vehumet [......]
Gold:   223        SH:  0    Dex: 12    Spells: 2/11 levels left

rFire    . . .     SeeInvis +   o - +0 short sword
rCold    . . .     Gourm    .   (no shield)
rNeg     + . .     Faith    .   a - +0 robe
rPois    .         Spirit   +   w - +0 helmet
rElec    .         Reflect  .   (no cloak)
rCorr    .         Harm     .   (no gloves)
MR       .....                  (no boots)
Stlth    +++.......             (no amulet)
HPRegen  0.13/turn              q - ring of see invisible
MPRegen  0.12/turn              p - ring of positive energy

@: drained
A: hooves 1, nightstalker 1, magic shield
a: Renounce Religion


You were on level 3 of the Dungeon.
You worshipped Vehumet.
Vehumet was noncommittal.
You were very hungry.

You visited 2 branches of the dungeon, and saw 5 of its levels.

You collected 223 gold pieces.

Inventory:

Hand Weapons
 o - a +0 short sword (weapon)
Missiles
 l - 87 arrows
Armour
 a - a +0 robe (worn)
 w - a +0 helmet (worn)
Jewellery
 p - a ring of positive energy (right hand)
 q - a ring of see invisible (left hand)
Wands
 m - a wand of enslavement (16)
Scrolls
 b - a scroll of identify
 g - 4 scrolls of remove curse
 i - a scroll of enchant weapon {unknown}
 n - a scroll of amnesia {unknown}
 r - a scroll of enchant armour
 v - 3 scrolls of teleportation
Potions
 e - 2 potions of heal wounds {unknown}
 f - a potion of invisibility {unknown}
 h - 2 potions of curing
 k - a potion of might {unknown}
 s - a potion of mutation {unknown}
 t - a potion of degeneration {unknown}
 u - 4 potions of brilliance {unknown}
Comestibles
 d - 5 rations


   Skills:
 - Level 1.7(1.6) Dodging
 - Level 1.7(1.6) Stealth
 - Level 3.0(2.8) Spellcasting
 + Level 5.7(5.6) Conjurations
   Level 1.0(0.8) Summonings
 - Level 1.0(0.9) Translocations
 - Level 1.2(1.1) Air Magic
 - Level 1.0(0.8) Poison Magic


You had 2 spell levels left.
You knew the following spells:

 Your Spells              Type           Power        Failure   Level  Hunger
a - Magic Dart            Conj           ####         1%          1    None
b - Blink                 Tloc           N/A          14%         2    ##.....
c - Mephitic Cloud        Conj/Pois/Air  ##......     14%         3    ###....
d - Conjure Flame         Conj/Fire      ##......     13%         3    ###....


Dungeon Overview and Level Annotations

Branches:
Dungeon (4/15)             Temple (1/1) D:4

Altars:
Ashenzari
Cheibriados
Dithmenos
Fedhas
Nemelex Xobeh
Ru
Sif Muna
Uskayaw
Vehumet
Wu Jian
Lugonu

Annotations:
D:3 Grinder
D:4 Edmund


Innate Abilities, Weirdness & Mutations

You have large cloven feet.
You are slightly more attuned to the shadows.
When hurt, damage is shared between your health and your magic reserves.


Message History

Press: ? - help, Shift-Dir - straight line, f/p - Grinder
Aim: Grinder (severely wounded)
The magic dart hits Grinder.
Grinder is severely wounded.
Grinder hits you.
* * * LOW HITPOINT WARNING * * *
You feel better.
Grinder says, "At least Makhleb appreciates what I'm doing."
Grinder hits you.
You writhe in agony.
You barely miss Grinder. You kick Grinder.
Grinder is severely wounded.
Grinder closely misses you.
You closely miss Grinder.
Grinder is severely wounded.
Grinder hits you!
* * * LOW HITPOINT WARNING * * *
You writhe in agony.
* * * LOW HITPOINT WARNING * * *
Grinder hits you!
You die...

...#######..####.####...##....._.
...# #..##.....##...##.#.....
#.## #..#.......#......#.....
#..### #..#.......#......##....
#....#####......_..........####.#
####........#.......#...##.......
...#..#####.#.......#...####..[..
...'..# #.##.(.5.##...# #####.
...#..# #.####@####.### #.
####..# #...........# #. #.....#
####.#...#############. #.....#
#.....#..........##. #...###
###...#..........##. ...##
#.............<.#. ...#
#..............##. .###
#..............##. ##
#..............##.


You could see Grinder.

Vanquished Creatures
  An orc wizard (D:4)
  An orc priest (D:3)
  Natasha (thrice) (D:4)
  A worker ant (D:4)
  Robin (D:4)
  A howler monkey skeleton (D:4)
  An adder (D:3)
  2 adder skeletons (D:4)
  3 worms
  4 leopard geckos
  6 orcs
  4 giant cockroaches
  11 goblins
  9 hobgoblins
  6 jackals
  A quokka (D:4)
  5 bats
  4 frilled lizards
  3 kobolds
  4 rats
71 creatures vanquished.

Notes
Turn   | Place    | Note
-------+----------+-------------------------------------------
     0 | D:1      | Kaname the Demonspawn Wizard began the quest for the Orb.
     0 | D:1      | Reached XP level 1. HP: 13/13 MP: 4/4
   414 | D:1      | Reached skill level 2 in Conjurations
   414 | D:1      | Gained mutation: You have large cloven feet. [demonic ancestry]
   414 | D:1      | Reached XP level 2. HP: 19/19 MP: 3/6
  1240 | D:2      | Reached skill level 3 in Conjurations
  1244 | D:2      | Learned a level 2 spell: Blink
  1252 | D:2      | Gained mutation: When hurt, damage is shared between your health and your magic reserves. [demonic ancestry]
  1252 | D:2      | Reached XP level 3. HP: 21/24 MP: 1/7
  1257 | D:2      | Learned a level 3 spell: Mephitic Cloud
  1288 | D:2      | Reached skill level 1 in Translocations
  1426 | D:2      | Found a sparkling altar of Nemelex Xobeh.
  1634 | D:2      | Found a deep blue altar of Sif Muna.
  1635 | D:2      | Reached skill level 1 in Poison Magic
  1877 | D:3      | Found a faded altar of an unknown god.
  1971 | D:3      | Found a shadowy altar of Dithmenos.
  2010 | D:3      | Found a hide-covered altar of Uskayaw.
  2012 | D:3      | Found an ornate altar of the Wu Jian Council.
  2122 | D:3      | Found a shattered altar of Ashenzari.
  2146 | D:3      | Noticed Grinder
  2156 | D:3      | Paralysed by Grinder for 6 turns
  2164 | D:3      | Paralysed by Grinder for 2 turns
  2184 | D:3      | Paralysed by Grinder for 3 turns
  2418 | D:3      | Reached skill level 4 in Conjurations
  2418 | D:3      | Reached XP level 4. HP: 30/30 MP: 1/8
  2645 | D:3      | Found a snail-covered altar of Cheibriados.
  2650 | D:3      | Paralysed by Grinder for 2 turns
  2661 | D:4      | Noticed Natasha
  2672 | D:4      | Killed Natasha
  2747 | D:4      | Learned a level 3 spell: Conjure Flame
  2757 | D:4      | Reached XP level 5. HP: 29/35 MP: 1/9
  3316 | D:4      | Reached skill level 5 in Conjurations
  3436 | D:4      | Found a staircase to the Ecumenical Temple.
  3438 | D:4      | Noticed Natasha
  3441 | D:4      | Killed Natasha
  3441 | D:4      | Reached skill level 1 in Air Magic
  3466 | Temple   | Entered the Ecumenical Temple
  3482 | Temple   | Became a worshipper of Vehumet
  3539 | D:4      | Noticed Natasha
  3794 | D:4      | Noticed Robin
  3815 | D:4      | Killed Robin
  4158 | D:4      | Killed Natasha
  4158 | D:4      | Gained mutation: You are slightly more attuned to the shadows. [demonic ancestry]
  4158 | D:4      | Reached XP level 6. HP: 20/41 MP: 4/10
  4275 | D:4      | Noticed Edmund
  4385 | D:3      | Found a shattered altar of Ashenzari.
  4442 | D:3      | Found an ornate altar of the Wu Jian Council.
  4449 | D:3      | Found a hide-covered altar of Uskayaw.
  4460 | D:3      | Found a shadowy altar of Dithmenos.
  4572 | D:3      | Slain by Grinder

Vault maps used:
D:1:      shiori_shiawase
D:2:      old_standard_altar, nemelex_lonely_heart_becter
D:3:      nicolae_overflow_hidden_temple, old_standard_altar,
          old_standard_altar, old_standard_altar, evilmike_ruin_ashenzari,
          chequers_ecumenical_altar_simple, uniq_grinder
D:4:      minmay_temple_entry_hall, kennysheep_generic_room_11, uniq_edmund,
          uniq_robin, uniq_natasha
Temple:   kb_corrupted_temple

Skill      XL: |  1  2  3  4  5 |
---------------+----------------+-----
Conjurations   | 2 3 4 5 |  5.7
Translocations | 1 |  1.0
Poison Magic   | 1 |  1.0
Air Magic      | 1 |  1.2
Dodging        | |  1.7
Stealth        | |  1.7
Spellcasting   | |  3.0
Summonings     | |  1.0

Action                   |  1- 3 |  4- 6 || total
-------------------------+-------+-------++-------
Melee: Unarmed           |    37 |       ||    37
       Kick              |     9 |    21 ||    30
       Short sword       |    26 |    81 ||   107
 Cast: Magic Dart        |    99 |    85 ||   184
       Mephitic Cloud    |     1 |     2 ||     3
  Use: Scroll            |     6 |       ||     6
       Potion            |     1 |     1 ||     2
 Stab: Confused          |     2 |     2 ||     4
       Sleeping          |       |     1 ||     1
  Eat: Chunk             |     3 |     4 ||     7
       Ration            |       |     1 ||     1
Armor: Robe              |     8 |     2 ||    10
       Leather armour    |     5 |     6 ||    11
Dodge: Dodged            |    60 |    40 ||   100

Table legend:
 A = Spawn XP
 B = Non-spawn XP
 C = Spawn XP percentage of total XP
 D = Spawn monster count
 E = Non-spawn monster count
 F = Spawn count percentage of total count
 G = Total turns spent on level
                    A         B        C        D         E        F      G
               +---------+---------+-------+---------+---------+-------+---------
         Total |       0 |     405 |   0.0 |       0 |      71 |   0.0 |  4572
               +---------+---------+-------+---------+---------+-------+---------
           D:1 |       0 |      34 |   0.0 |       0 |      19 |   0.0 |  1134
           D:2 |       0 |      28 |   0.0 |       0 |      15 |   0.0 |   756
           D:3 |       0 |      74 |   0.0 |       0 |      11 |   0.0 |  1504
           D:4 |       0 |     269 |   0.0 |       0 |      26 |   0.0 |  1147
               +---------+---------+-------+---------+---------+-------+---------
